 Dungeon Crawl Stone Soup version 0.28.0 (webtiles) character file.

Game seed: 13766541961229240215

99520 Jannitor the Unseen (level 16, -2/69 (90) HPs)
             Began as a Kobold Wanderer on Feb 7, 2022.
             Was a High Priest of Dithmenos.
             Slain by an Ice Fiend (10 damage)
             ... in an ice cave.
             The game lasted 01:04:00 (39596 turns).

Jannitor the Unseen (Kobold Wanderer)              Turns: 39596, Time: 01:04:03

HP:   -2/69 (90)    AC:  2    Str: 19    XL:     16   Next: 76%
MP:   24/24         EV: 25    Int: 11    God:    Dithmenos [*****.]
Gold: 3042          SH:  8    Dex: 25    Spells: 2/17 levels left

rFire   + . .      SeeInvis .   W - +6 rapier (speed)
rCold   + + .      Faith    .   L - +0 buckler
rNeg    + . .      Spirit   .   M - +0 acid dragon scales
rPois   +          Reflect  .   U - -2 hat of the Alchemist {rElec rPois rF+ rC+ rN+ Will+ rMut rCorr}
rElec   +          Harm     .   C - scarf {shadows}
rCorr   +          Rampage  .   (no gloves)
rMut    +                       (no boots)
Will    ++...                   v - amulet of the acrobat Stlth ***+++++++
                                B - ring "Miskoen" {Wiz Str+4 Dex+2 Slay+4}
HPRegen 0.21/turn               n - ring of protection from cold
MPRegen 0.19/turn

@: wreathed by umbra, heavily drained
A: small, no large weapons, nightstalker 3, agile 1, deformed body, frail 1,
strong 1, MP-powered wands
a: Renounce Religion, Shadow Step, Shadow Form


You were in an ice cave.
You worshipped Dithmenos.
Dithmenos was extremely pleased with you.
You visited 3 branches of the dungeon, and saw 22 of its levels.
You also visited: Sewer, Bailey, Gauntlet and Ice Cave.

You collected 5392 gold pieces.
You spent 2350 gold pieces at shops.

Inventory:

Hand Weapons
 W - a +6 rapier of speed (weapon)
Missiles
 j - 4 throwing nets
 s - 14 atropa-tipped darts
 t - 36 poisoned darts
 x - 33 boomerangs
 y - 3 boomerangs of dispersal
 A - 13 curare-tipped darts (quivered)
Armour
 e - a scarf of resistance
 g - the +1 cloak "Zaedd" {rElec Str+5}
   (You found it in a Gauntlet)

   Str:       It affects your strength (+5).
   rElec:     It insulates you from electricity.
 C - a scarf of shadows (worn)
 L - a +0 buckler (worn)
 M - +0 acid dragon scales (worn)
 N - an orb of mayhem
 U - the -2 hat of the Alchemist (worn) {rElec rPois rF+ rC+ rN+ Will+ rMut rCorr}
   (You found it in an ice cave)

   rF:        It protects you from fire.
   rC:        It protects you from cold.
   rElec:     It insulates you from electricity.
   rPois:     It protects you from poison.
   rN:        It protects you from negative energy.
   rCorr:     It protects you from acid and corrosion.
   rMut:      It protects you from mutation.
   Will:      It increases your willpower.
Jewellery
 n - a ring of protection from cold (right hand)
 o - a ring of protection from fire
 q - a ring of poison resistance
 u - a ring of willpower
 v - an amulet of the acrobat (around neck)
 B - the ring "Miskoen" (left hand) {Wiz Str+4 Dex+2 Slay+4}
   (You bought it in a shop on level 2 of the Orcish Mines)

   [ring of wizardry]

   It improves your spell success rate.
   Str:       It affects your strength (+4).
   Dex:       It affects your dexterity (+2).
   Slay:      It affects your accuracy & damage with ranged weapons and melee
   (+4).
 K - a +4 ring of protection
 Y - a +4 ring of evasion
Wands
 b - a wand of flame (24)
 c - a wand of acid (1)
 d - a wand of mindburst (8)
 m - a wand of iceblast (11)
 w - a wand of digging (10)
 G - a wand of polymorph (16)
 O - a wand of paralysis (4)
 X - a wand of charming (6)
Scrolls
 f - 9 scrolls of identify
 h - 2 scrolls of enchant armour
 i - 3 scrolls of immolation
 p - 2 scrolls of fear
 H - 2 scrolls of brand weapon
 I - a scroll of holy word
 J - 2 scrolls of fog
 Q - 9 scrolls of teleportation
 S - a scroll of vulnerability
 T - a scroll of summoning
 Z - a scroll of magic mapping
Potions
 k - 8 potions of ambrosia
 l - 4 potions of mutation
 r - 3 potions of haste
 D - 5 potions of resistance
 E - 3 potions of flight
 F - 3 potions of berserk rage
 P - a potion of magic
 R - a potion of cancellation
Miscellaneous
 a - a tin of tremorstones (2/2)
 z - a piece from Xom's chessboard (15/15)
 V - a phantom mirror (inert)


   Skills:
 + Level 11.5 Fighting
 + Level 13.6 Short Blades
 - Level 3.3(6.6) Slings
 + Level 9.9(10.2) Throwing
 + Level 6.7 Armour
 + Level 12.4 Dodging
 + Level 15.3 Stealth
 + Level 5.9 Shields
 + Level 1.3 Spellcasting
 + Level 1.7 Translocations
 + Level 11.2 Invocations
 + Level 12.6 Evocations


You had 2 spell levels left.
You knew the following spells:

 Your Spells              Type           Power      Damage    Failure   Level
a - Blink                 Tloc           8%         N/A       16%         2
b - Lesser Beckoning      Tloc           4%         N/A       32%         3
c - Manifold Assault      Tloc           4%         N/A       95%         5
d - Silence               Hex/Air        0%         N/A       99%         5

Your spell library contained the following spells:

 Spells                   Type           Power      Damage    Failure   Level
 Apportation              Tloc           8%         N/A       12%         1
 Animate Skeleton         Necr           0%         N/A       22%         1
 Foxfire                  Conj/Fire      0%         2x1d4     22%         1
 Magic Dart               Conj           0%         1d3       22%         1
 Pain                     Necr           0%         1d4       22%         1
 Sandblast                Erth           0%         2d4       22%         1
 Sting                    Tmut/Pois      0%         1d3       22%         1
 Summon Small Mammal      Summ           0%         N/A       22%         1
 Call Imp                 Summ           0%         N/A       32%         2
 Corpse Rot               Necr/Air       0%         N/A       32%         2
 Passwall                 Tmut/Erth      0%         N/A       32%         2
 Poisonous Vapours        Pois/Air       0%         N/A       32%         2
 Static Discharge         Conj/Air       0%         N/A       32%         2
 Sublimation of Blood     Necr           0%         N/A       32%         2
 Wereblood                Tmut           0%         N/A       32%         2
 Portal Projectile        Hex/Tloc       4%         N/A       41%         3
 Conjure Flame            Conj/Fire      0%         6-21      52%         3
 Dazzling Flash           Conj/Hex       0%         N/A       52%         3
 Inner Flame              Hex/Fire       0%         N/A       52%         3
 Mephitic Cloud           Conj/Pois/Air  0%         N/A       52%         3
 Spider Form              Tmut/Pois      0%         N/A       52%         3
 Stone Arrow              Conj/Erth      0%         3d7       52%         3
 Summon Guardian Golem    Hex/Summ       0%         N/A       52%         3
 Dispel Undead            Necr           0%         3d6       89%         4
 Flame Wave               Conj/Fire      0%         2d4       89%         4
 Olgreb's Toxic Radiance  Pois           0%         N/A       89%         4
 Sticky Flame             Conj/Fire      0%         2d3       89%         4
 Agony                    Necr           0%         N/A       99%         5
 Blade Hands              Tmut           0%         N/A       99%         5
 Excruciating Wounds      Necr           0%         N/A       99%         5
 Summon Hydra             Summ           0%         N/A       100%        7


Dungeon Overview and Level Annotations

Branches:
Dungeon (14/15)            Temple (0/1) D:4            Lair (6/6) D:9
 Shoals (0/4) Lair:3       Spider (0/4) Lair:3        Slime (0/5) Lair:6
    Orc (2/2) D:10            Elf (0/3) Orc:2        Vaults (0/5) D:13
  Sewer (visited)          Bailey (visited)           IceCv (1/1)
Gauntlet (visited)

Altars:
Dithmenos
Kikubaaqudgha
Sif Muna
Beogh
Jiyva

Shops:
D:10 [*?   Orc:2 (*=[

Annotations:
D:2 Natasha
D:4 Sigmund
D:12 exclusion: 2 doors
Lair:6 1 runed translucent door
Orc:2 Saint Roka


Innate Abilities, Weirdness & Mutations

You are small and have problems with some larger weapons.
You are completely attuned to the shadows.
You are agile. (Dex +2)
Armour fits poorly on your strangely shaped body.
You are frail. (-10% HP)
Your muscles are strong. (Str +2)
You expend magic power (3 MP) to strengthen your wands.


Message History

The Ice Fiend convulses!
The freezing wraith convulses!
The lindwurm simulacrum convulses!
The lindwurm simulacrum vaporises!
Dithmenos accepts your kill. x2
You feel a bit more experienced. The Ice Fiend gestures at you.
The bolt of cold hits you! You resist.
You emit a cloud of dark smoke.
You feel drained.
The freezing wraith is lost in a daze.
Unknown command.
Unknown command.
The Ice Fiend gestures at you. The bolt of cold misses you.
Your surroundings suddenly seem different.
You start resting.
You feel yourself speed up.
You start resting.
Your transformation is almost over.
You emerge from the shadows.
You start resting.
Magic restored.
You start resting.
An Ice Fiend is nearby!
You hit the Ice Fiend.
The Ice Fiend is lightly wounded.
The Ice Fiend gestures at you. The bolt of cold misses you.
Aiming: Phantom Mirror
Press: ? - help, Dir - move target, f - Ice Fiend
Aim: an Ice Fiend (lightly wounded, umbra)
You reflect the Ice Fiend with the mirror!
The mirror clouds!
Your Ice Fiend claws the Ice Fiend but does no damage.
Your Ice Fiend claws the Ice Fiend.
Your Ice Fiend freezes the Ice Fiend.
The Ice Fiend completely resists.
The Ice Fiend claws you! The Ice Fiend freezes you! You resist.
* * * LOW HITPOINT WARNING * * *
The Ice Fiend claws you!
* * * LOW HITPOINT WARNING * * *
The Ice Fiend freezes you! You resist.
You die...

#####≈##.#.#.#.###
#≈≈#≈#####...#.###
##≈≈# ##....##.
#####≈≈## ###..###
#...##≈≈# ##...#
#[⌠.#≈≈≈# ##..#
#.†.#1#≈# ##..
###..1≈## ##.
#.@#.## ## ##.#..#
#..##.# #.###.#
##.#.## #....#
#.#.## ##.### #.##


You could see an Ice Fiend (ally target) and a friendly Ice Fiend (summoned,
drained).

Vanquished Creatures
  Gastronok (D:11)
  Kirke (Lair:6)
  Louise (D:14)
  A minotaur (Gauntlet)
  Snorg (Orc:2)
  A yaktaur captain (D:13)
  A fire dragon (Lair:6)
  3 boulder beetles
  An ogre mage (D:13)
  2 catoblepae
  Erolcha (D:9)
  12 hydras
  A centaur warrior (D:14)
  5 two-headed ogres
  A death knight (D:13)
  2 orc high priests
  Urug (Orc:2)
  Sonja (Lair:3)
  Nergalle (D:10)
  A skeletal warrior (D:13)
  2 glowing orange brains (Gauntlet)
  A swamp dragon (Lair:6)
  A bog body (IceCv)
  6 spriggan simulacra (IceCv)
  An obsidian statue (IceCv)
  4 orc knights
  5 orc sorcerers
  3 deep elf pyromancers
  An oklob plant (Lair:6)
  2 ugly things
  A manticore (D:11)
  A merfolk siren (Lair:3)
  9 black mambas
  A cyclops (D:11)
  Joseph (D:10)
  7 elephants
  3 torpor snails
  13 cane toads
  Psyche (D:10)
  Maggie (D:8)
  8 komodo dragons
  A kobold demonologist (D:11)
  8 rime drakes
  An efreet (D:13)
  An anaconda simulacrum (IceCv)
  2 freezing wraiths (IceCv)
  4 entropy weaver simulacra (IceCv)
  2 yaktaurs (D:13)
  3 trolls
  7 ice devils (IceCv)
  11 polar bears
  2 queen bees
  2 meliai (Lair:4)
  10 slime creatures
  6 blink frogs
  Grinder (D:3)
  A meliai zombie (D:11)
  A hornet (D:11)
  3 raiju (Lair:6)
  A jumping spider (Lair:3)
  4 wraiths
  2 shadows
  4 wyverns
  44 yaks
  7 spriggans (D:9)
  A ynoxinul (Gauntlet)
  A vampire (D:11)
  5 hogs
  9 basilisks
  Grum (D:10)
  2 redbacks (Lair:3)
  Eustachio (D:5)
  6 minotaur simulacra (IceCv)
  Menkaure (D:4)
  7 wargs
  7 steam dragons
  A harpy simulacrum (IceCv)
  13 water moccasins
  4 acid dragons
  14 hell hounds (Lair:6)
  15 black bears
  A sky beast (D:6)
  36 orc warriors
  2 necrophages
  10 ogres
  An ogre (shapeshifter) (D:13)
  5 centaurs
  An alligator simulacrum (IceCv)
  24 wolves
  2 phantoms
  8 kobold brigands
  9 bullfrogs
  A wyvern zombie (D:7)
  2 gnoll sergeants
  6 deep troll simulacra (IceCv)
  A water moccasin zombie (D:7)
  A water moccasin skeleton (D:4)
  52 killer bees
  3 lindwurm simulacra (IceCv)
  2 wights (Sewer)
  2 howler monkeys
  2 bullfrog zombies (D:6)
  8 centaur zombies
  A gnoll shaman (D:7)
  A hound (D:4)
  A jelly (D:6)
  16 orc priests
  2 iron imps (Gauntlet)
  A bullfrog skeleton (D:7)
  Ijyb (D:5)
  4 iguanas
  Natasha (twice) (D:3 D:2)
  26 orc wizards
  11 hell rats
  3 killer bee zombies
  A hound skeleton (D:4)
  6 gnolls
  A howler monkey skeleton (D:7)
  10 adders
  A river rat (Lair:4)
  3 shadow imps (Sewer)
  A white imp (D:6)
  2 ufetubi (Sewer)
  An adder zombie (Sewer)
  A worm (D:3)
  2 dart slugs (D:2)
  62 orcs
  2 bat zombies (D:6)
  14 endoplasms
  6 giant cockroaches
  11 goblins
  10 hobgoblins
  12 jackals
  35 kobolds
  4 quokkas
  9 ball pythons
  9 bats
  6 frilled lizards
  A giant cockroach zombie (Sewer)
  6 rats
  3 rat zombies (D:6)
794 creatures vanquished.

Vanquished Creatures (collateral kills)
  An orc warlord (Orc:1)
  2 hydras
  A killer bee (Lair:4)
  2 howler monkeys (D:10)
  An orc priest (D:10)
  An orc wizard (D:10)
  2 gnolls (D:10)
  15 orcs (D:10)
25 creatures vanquished.

Vanquished Creatures (others)
  A water moccasin (D:9)
  2 human simulacra (D:9)
  A howler monkey zombie (D:9)
  A gnoll (D:10)
  An orc (D:10)
  37 fungi
  78 plants
121 creatures vanquished.

Grand Total: 940 creatures vanquished

Notes
Turn   | Place    | Note
-------+----------+-------------------------------------------
     0 | D:1      | Jannitor the Kobold Wanderer began the quest for the Orb.
     0 | D:1      | Jannitor set off with the following items: a +2 hunting
                  | sling, 17 sling bullets, a +0 short sword, a wand of flame
                  | (3), a +0 robe
     0 | D:1      | Reached XP level 1. HP: 10/10 MP: 1/1
   133 | D:1      | Reached XP level 2. HP: 11/16 MP: 2/2
   598 | D:1      | Reached XP level 3. HP: 18/20 MP: 3/3
   706 | D:1      | Reached skill level 1 in Fighting
   769 | D:1      | Reached skill level 1 in Dodging
  1280 | D:1      | Reached XP level 4. HP: 25/25 MP: 4/4
  1917 | D:2      | Found a faded altar of an unknown god.
  1944 | D:2      | Prayed at the altar of an unknown god.
  1944 | D:2      | Became a worshipper of Dithmenos the Shadowed
  1944 | D:2      | Reached * piety under Dithmenos
  2306 | D:2      | Reached XP level 5. HP: 29/29 MP: 5/5
  2633 | D:3      | Noticed a sky beast
  2906 | D:3      | Noticed Natasha
  2910 | D:3      | Killed Natasha
  2911 | D:3      | Reached skill level 5 in Stealth
  2932 | D:3      | Noticed a black bear
  3152 | D:3      | Noticed Grinder
  3165 | D:3      | Paralysed by Grinder for 6 turns
  3174 | D:3      | Killed Grinder
  3175 | D:3      | Reached XP level 6. HP: 8/36 MP: 6/6
  3221 | D:3      | Noticed Natasha
  3449 | D:2      | Killed Natasha
  3608 | D:3      | Reached ** piety under Dithmenos
  3702 | D:3      | Noticed a black bear
  3875 | D:3      | Reached XP level 7. HP: 26/40 MP: 7/7
  4203 | D:4      | Noticed Sigmund
  4264 | D:4      | Reached skill level 6 in Stealth
  4573 | D:5      | Entered Level 5 of the Dungeon
  4885 | D:4      | Reached skill level 1 in Invocations
  5128 | D:4      | Found a staircase to the Ecumenical Temple.
  5149 | D:4      | Noticed Menkaure
  5152 | D:4      | Killed Menkaure
  5237 | D:5      | HP: 2/41 [black bear (2)]
  5239 | D:5      | Reached XP level 8. HP: 3/47 MP: 9/9
  5574 | D:3      | Reached skill level 5 in Short Blades
  5574 | D:3      | Reached skill level 5 in Evocations
  5738 | D:3      | Identified a scroll of acquirement
  5738 | D:3      | Acquired 1018 gold pieces
  6233 | D:2      | Noticed Natasha
  6858 | D:5      | Noticed Eustachio
  6862 | D:5      | Killed Eustachio
  6988 | D:5      | Noticed Ijyb
  7045 | D:5      | Killed Ijyb
  7373 | D:5      | Reached skill level 7 in Stealth
  7769 | D:6      | Found a glowing drain.
  7820 | Sewer    | Entered a sewer
  7985 | Sewer    | Found an ancient bone altar of Kikubaaqudgha.
  8561 | Sewer    | Reached XP level 9. HP: 52/52 MP: 11/11
  8743 | Sewer    | Gained mutation: Your body sometimes deteriorates upon
                  | taking damage. [potion of mutation]
  8743 | Sewer    | Gained mutation: Armour fits poorly on your strangely
                  | shaped body. [potion of mutation]
  8744 | Sewer    | Lost mutation: Your body sometimes deteriorates upon taking
                  | damage. [potion of mutation]
  8744 | Sewer    | Lost mutation: Armour fits poorly on your strangely shaped
                  | body. [potion of mutation]
  8744 | Sewer    | Gained mutation: You expend magic power (3 MP) to
                  | strengthen your wands. [potion of mutation]
  8744 | Sewer    | Gained mutation: Your muscles are strong. (Str +2) [potion
                  | of mutation]
  8744 | Sewer    | Gained mutation: You are agile. (Dex +2) [potion of
                  | mutation]
  8854 | D:6      | Reached skill level 5 in Dodging
  8858 | D:6      | Reached *** piety under Dithmenos
  8956 | D:6      | Reached skill level 5 in Fighting
  9087 | D:6      | Reached skill level 8 in Stealth
 10008 | D:6      | Found an ancient bone altar of Kikubaaqudgha.
 10595 | D:7      | Found a flagged portal.
 10609 | Bailey   | Entered a bailey
 10669 | Bailey   | Reached XP level 10. HP: 36/60 MP: 13/13
 10675 | Bailey   | Reached **** piety under Dithmenos
 10693 | Bailey   | Noticed an orc knight
 10732 | Bailey   | Identified the +10 hand crossbow of Dissatisfaction {elec,
                  | rElec rF- MP+9 Str+5}
 10781 | Bailey   | Killed an orc knight
 10782 | Bailey   | Reached skill level 1 in Throwing
 10782 | Bailey   | Reached skill level 9 in Stealth
 10782 | Bailey   | Reached skill level 5 in Invocations
 10806 | Bailey   | Noticed an orc knight
 11041 | Bailey   | Killed an orc knight
 11330 | Bailey   | Found a burning altar of Makhleb.
 11340 | Bailey   | Got the Compendium of Fetching Venom
 11454 | Bailey   | Found a burning altar of Makhleb.
 12349 | D:8      | Noticed Maggie
 12353 | D:8      | Killed Maggie
 13343 | D:9      | Noticed Erolcha
 13357 | D:9      | Killed Erolcha
 13358 | D:9      | Reached skill level 10 in Stealth
 13358 | D:9      | Reached XP level 11. HP: 11/66 MP: 11/15
 14238 | D:9      | Found a staircase to the Lair.
 14306 | D:9      | Noticed a two-headed ogre
 14309 | D:9      | Killed a two-headed ogre
 14596 | D:9      | Noticed a two-headed ogre
 14600 | D:9      | Killed a two-headed ogre
 15046 | D:9      | Noticed a two-headed ogre
 15085 | D:9      | Killed a two-headed ogre
 15507 | D:10     | Entered Level 10 of the Dungeon
 15507 | D:10     | Noticed Psyche
 15509 | D:10     | Killed Psyche
 15510 | D:10     | Reached skill level 11 in Stealth
 15521 | D:10     | Found Boahumefaor's Assorted Antiques.
 15527 | D:10     | Bought a runed orb for 396 gold pieces
 15537 | D:10     | Bought a scroll labelled SUCLOU EPIDDI for 33 gold pieces
 15537 | D:10     | Bought a potion of haste for 330 gold pieces
 15537 | D:10     | Bought an orange potion for 29 gold pieces
 15537 | D:10     | Bought a scroll labelled XAAKOE KETRYICI for 33 gold pieces
 15537 | D:10     | Bought a metallic white potion for 29 gold pieces
 15537 | D:10     | Bought a viscous grey potion for 29 gold pieces
 15537 | D:10     | Bought a scroll labelled XAAKOE KETRYICI for 33 gold pieces
 15693 | D:10     | Found a staircase to the Orcish Mines.
 15722 | D:10     | Reached ***** piety under Dithmenos
 15723 | D:10     | Reached skill level 5 in Throwing
 15883 | D:10     | Noticed Nergalle
 15887 | D:10     | Killed Nergalle
 15888 | D:10     | Reached XP level 12. HP: 73/73 MP: 17/17
 16022 | D:10     | Found Xaabiz's Magic Scroll Boutique.
 16027 | D:10     | Bought a scroll of enchant weapon for 112 gold pieces
 16043 | D:10     | Noticed Grum
 16048 | D:10     | Killed Grum
 16241 | D:10     | Found Suorepla's Armour Boutique.
 16357 | D:10     | Noticed Joseph
 16361 | D:10     | Killed Joseph
 16388 | D:10     | Identified the +6 halberd "Pouxkil" {elec, +Blink Fly rN+}
 16805 | D:11     | Noticed a two-headed ogre
 16819 | D:11     | Noticed a two-headed ogre
 16841 | D:11     | Killed a two-headed ogre
 16842 | D:11     | Reached skill level 10 in Short Blades
 16932 | D:11     | Noticed Gastronok
 16954 | D:11     | Killed Gastronok
 17610 | D:11     | Killed a two-headed ogre
 18146 | Lair:1   | Entered Level 1 of the Lair of Beasts
 18325 | Lair:1   | Reached skill level 1 in Shields
 18476 | Lair:1   | Reached skill level 12 in Stealth
 18676 | Lair:1   | Reached XP level 13. HP: 26/80 MP: 19/19
 19013 | Lair:1   | Acquired 862 gold pieces
 19882 | Lair:2   | Noticed a five-headed hydra
 19886 | Lair:2   | Killed a five-headed hydra
 19887 | Lair:2   | Reached skill level 10 in Evocations
 20481 | Lair:3   | Noticed Sonja
 20485 | Lair:3   | Killed Sonja
 20518 | Lair:3   | Noticed an eight-headed hydra
 20522 | Lair:3   | Killed an eight-headed hydra
 20704 | Lair:3   | Found a hole to the Spider Nest.
 20732 | Lair:3   | HP: 4/80 [poisoned by a redback]
 21379 | Lair:3   | Found a staircase to the Shoals.
 21971 | Lair:4   | Found a shimmering blue altar of Sif Muna.
 22131 | Lair:4   | Noticed an eight-headed hydra
 22135 | Lair:4   | Killed an eight-headed hydra
 22149 | Lair:4   | Reached skill level 10 in Dodging
 22530 | Lair:4   | Identified the +6 battleaxe of Purpose {pain, Str-4 Int+7
                  | SInv}
 22575 | Lair:4   | Noticed a five-headed hydra
 22579 | Lair:4   | Killed a five-headed hydra
 22591 | Lair:4   | Noticed a catoblepas
 22595 | Lair:4   | Killed a catoblepas
 22719 | Lair:4   | Noticed a five-headed hydra
 22723 | Lair:4   | Killed a five-headed hydra
 22724 | Lair:4   | Reached skill level 13 in Stealth
 23038 | Lair:4   | Reached XP level 14. HP: 36/86 MP: 20/20
 24162 | Lair:4   | Reached ****** piety under Dithmenos
 25848 | Lair:5   | Acquired a +2 rapier of speed
 26193 | Lair:6   | Entered Level 6 of the Lair of Beasts
 26196 | Lair:6   | Reached skill level 10 in Fighting
 26302 | Lair:6   | Noticed Kirke
 27034 | Lair:6   | Reached skill level 5 in Armour
 27755 | Lair:6   | Killed Kirke
 28476 | Lair:6   | Found a runed translucent door.
 28476 | Lair:6   | Found a viscous altar of Jiyva.
 28501 | Lair:6   | Found a staircase to the Slime Pits.
 28535 | Lair:6   | Reached XP level 15. HP: 93/93 MP: 22/22
 29371 | Lair:6   | Reached skill level 10 in Invocations
 29421 | Lair:6   | Reached skill level 14 in Stealth
 31534 | Orc:1    | Entered Level 1 of the Orcish Mines
 32060 | Orc:2    | Entered Level 2 of the Orcish Mines
 32143 | Orc:2    | Noticed an orc warlord
 32143 | Orc:2    | Noticed Urug
 32143 | Orc:2    | Noticed Saint Roka
 32449 | Orc:2    | Found a staircase to the Elven Halls.
 32918 | Orc:2    | Noticed Snorg
 32922 | Orc:2    | Killed Snorg
 32923 | Orc:2    | Reached skill level 5 in Shields
 33285 | Orc:2    | Killed Urug
 33661 | Orc:2    | Found Goucroqa's Antique Armour Shoppe.
 33666 | Orc:2    | Bought a pair of masterwork gloves for 218 gold pieces
 33666 | Orc:2    | Identified the +0 pair of gloves of Card Tricks {Will++
                  | MP+9 Str+6 Slay-4} (You bought it in a shop on level 2 of
                  | the Orcish Mines)
 33699 | Orc:2    | Found Qaomoxke's Antique Weapon Shoppe.
 33719 | Orc:2    | Found Ugofarik's Jewellery Shoppe.
 33728 | Orc:2    | Bought the ring "Miskoen" {Wiz Str+4 Dex+2 Slay+4} for 996
                  | gold pieces
 33742 | Orc:2    | Found Uhis's General Store.
 33755 | Orc:2    | Bought a scroll of enchant weapon for 112 gold pieces
 33872 | Orc:1    | Killed an orc warlord
 34707 | Orc:1    | Paralysed by an orc sorcerer for 7 turns
 34714 | Orc:1    | Gained mutation: You are frail. (-10% HP) [a neqoxec]
 34718 | Orc:1    | Gained mutation: Armour fits poorly on your strangely
                  | shaped body. [a neqoxec]
 35967 | D:12     | Reached XP level 16. HP: 90/90 MP: 23/23
 37035 | D:13     | Found a gate leading to a gauntlet.
 37041 | Gauntlet | Entered a Gauntlet
 37041 | Gauntlet | Found a transporter.
 37056 | Gauntlet | Found a transporter.
 37086 | Gauntlet | Found a transporter.
 37095 | Gauntlet | Found a transporter.
 37112 | Gauntlet | Found a transporter.
 37117 | Gauntlet | Found a transporter.
 37138 | Gauntlet | Found a transporter.
 37151 | Gauntlet | Found a transporter.
 37192 | Gauntlet | Found the +2 cloak of the Thief {*Fog Slay-2 SInv Stlth+}
 37221 | Gauntlet | Found a runed translucent gate.
 37230 | Gauntlet | Found a transporter.
 37232 | Gauntlet | Found a transporter.
 37242 | Gauntlet | Found a transporter.
 37268 | Gauntlet | Found a runed translucent gate.
 37269 | Gauntlet | Found a runed translucent gate.
 37306 | Gauntlet | Found a transporter.
 37585 | Gauntlet | Found a transporter.
 37640 | Gauntlet | Identified the +1 cloak "Zaedd" {rElec Str+5}
 37641 | Gauntlet | Acquired 1014 gold pieces
 37661 | Gauntlet | Identified the +9 broad axe of the Enchanted Forest
                  | {protect, rF++}
 37718 | Gauntlet | Identified the +6 quarterstaff of Animal Spirits {freeze,
                  | Str+2 Int+3 Stlth+}
 37752 | Gauntlet | Identified the +4 war axe of Conservatism {pain, Str+3}
 37827 | D:13     | Reached skill level 15 in Stealth
 37950 | D:13     | Found a gate to the Vaults.
 38493 | D:13     | Learned a level 2 spell: Blink
 38497 | D:13     | Learned a level 3 spell: Lesser Beckoning
 38503 | D:13     | Learned a level 5 spell: Manifold Assault
 38509 | D:13     | Learned a level 5 spell: Silence
 38560 | D:14     | Noticed Louise
 38563 | D:14     | Killed Louise
 38591 | D:14     | Found a frozen archway.
 38596 | IceCv    | Entered an ice cave
 38809 | IceCv    | Reached skill level 1 in Translocations
 38912 | IceCv    | Reached skill level 1 in Spellcasting
 39475 | IceCv    | Found the -2 hat of the Alchemist {rElec rPois rF+ rC+ rN+
                  | Will+ rMut rCorr}
 39523 | IceCv    | Noticed an Ice Fiend
 39596 | IceCv    | Slain by an Ice Fiend

Illustrated notes

Levels and vault maps discovered:
D:1:      lemuel_arrival_rhombus, layout_loops_cross, minmay_vboxes
D:2:      layout_loops_corners, hellmonk_ecumenical_altar_lost_god
D:3:      layout_rooms, uniq_natasha, uniq_grinder
D:4:      layout_gridville, minmay_temple_entry_crystal_x, uniq_menkaure,
          uniq_sigmund
D:5:      layout_basic, uniq_ijyb, uniq_eustachio
D:6:      layout_basic, lemuel_zombie_altar_kikubaaqudgha,
          gup_sewer_entry_glass, corexii_checkpoint_a, minmay_checkerbox
D:7:      layout_gridville, enter_bailey_3, grunt_ministairs_5,
          minmay_misc_feat_secret_circle, nrook_campfire, palyth_stone_intersect
D:8:      layout_rooms, nicolae_island_escapes, uniq_maggie
D:9:      kb_forest_paths, layout_long_grid, special_room [special_room_orc],
          bh_circular_ruins, uniq_erolcha
D:10:     layout_loops_ring, hiddenorc2_lemuel, serial_shops,
          nicolae_shop_advertising_works [nicolae_subvault_shop_adworks], shop,
          nicolae_diamond_shop, minivault_1, uniq_joseph, uniq_grum,
          uniq_nergalle, uniq_psyche
D:11:     layout_cave_pods, uniq_gastronok
D:12:     layout_gridville
D:13:     layout_rooms, david_vaults_2, gauntlet_entry_generic,
          kennysheep_generic_room_5
D:14:     layout_irregular_city, portal_ice_cave_entry_pillars_2, minivault_4,
          uniq_frances, uniq_louise, uniq_nessos
Lair:1:   layout_gridlike, chequers_serial_rivers_micro_b, minmay_hedge_maze
Lair:2:   layout_layer_cave, minmay_stone_trees_medium
Lair:3:   layout_regular_city, minmay_shoals_entry_lonely_mermaid,
          spider_nest_entry_a, uniq_sonja
Lair:4:   regret_index_bee_streams, layout_regular_city, basic_altar
Lair:5:   layout_long_grid, minmay_holes
Lair:6:   guppyfry_lair_end_dragon, layout_cave_pods,
          hangedman_lair_caniforms_friends, slime_altar_2, grunt_megastairs_3,
          uniq_kirke
Orc:1:    layout_caves, special_room [special_room_bee], basic_altar
Orc:2:    grunt_orc_cross, layout_diamond_mine, uniq_snorg, uniq_saint_roka
IceCv:    ice_cave_caverns_03

Skill      XL: |  1  2  3  4  5  6  7  8  9 10 11 12 13 14 15 16 |
---------------+-------------------------------------------------+-----
Short Blades   | 2 3 4 5 7 8 9 10 11 12 13 | 13.6
Fighting       | 1 2 3 4 5 6 7 8 9 10 11 | 11.5
Dodging        | 1 2 3 4 6 7 8 9 10 11 12 | 12.4
Evocations     | 3 4 5 6 8 9 10 11 12 | 12.6
Stealth        | 5 6 7 8 10 11 12 13 14 15 | 15.3
Invocations    | 2 3 4 6 7 8 9 10 11 | 11.2
Throwing       | 3 5 6 7 8 9 |  9.9
Armour         | 3 4 5 6 |  6.7
Shields        | 1 3 4 5 |  5.9
Translocations | 1 |  1.7
Spellcasting   | 1 |  1.3
Slings         | |  3.3

Action                   |  1- 3 |  4- 6 |  7- 9 | 10-12 | 13-15 | 16-18 || total
-------------------------+-------+-------+-------+-------+-------+-------++-------
Melee: Short sword       |    49 |    92 |   216 |    19 |       |       ||   376
       Punch             |       |     1 |     5 |     6 |       |       ||    12
       Dagger            |       |       |   244 |   695 |   609 |       ||  1548
       Rapier            |       |       |       |       |  1371 |   222 ||  1593
 Fire: Hunting sling     |    32 |    26 |     3 |       |       |       ||    61
Throw: Dart              |       |       |       |    19 |     2 |       ||    21
Invok: Shadow Step       |       |       |       |       |     2 |       ||     2
       Shadow Form       |       |       |       |       |     2 |     2 ||     4
 Abil: End Transformatio |       |       |       |       |       |     1 ||     1
Evoke: Wand              |       |       |     7 |     7 |    19 |       ||    33
       Tin of tremorston |       |       |       |       |     1 |       ||     1
       Piece from Xom's  |       |       |       |       |     7 |       ||     7
       Phantom mirror    |       |       |       |       |     3 |     1 ||     4
  Use: Scroll            |     1 |     6 |     4 |     8 |    15 |     6 ||    40
       Potion            |       |     4 |     4 |     4 |     5 |       ||    17
 Stab: Sleeping          |    17 |    25 |    40 |    48 |    83 |    51 ||   264
       Distracted        |       |       |     3 |     2 |    14 |     2 ||    21
       Paralysed         |       |       |       |       |     4 |       ||     4
       Petrified         |       |       |       |       |     1 |       ||     1
       Invisible         |       |       |       |       |       |     3 ||     3
Armor: Robe              |    10 |     3 |       |       |       |       ||    13
       Leather armour    |       |    28 |    99 |    54 |       |       ||   181
       Skin              |       |     2 |       |       |       |       ||     2
       Acid dragon scale |       |       |       |    39 |   165 |    10 ||   214
Dodge: Dodged            |    31 |    86 |   347 |   480 |  1153 |   106 ||  2203
Block: Buckler           |       |       |       |    11 |   413 |    24 ||   448
